 Dungeon Crawl Stone Soup version 0.31.0-32-g396128a36d (webtiles) character file.

Game seed: 9224123430550474827

88 Peloso the Trooper (level 4, 39/39 HPs)
             Began as a Minotaur Fighter on Mar 23, 2024.
             Got out of the dungeon alive.
             The game lasted 00:02:04 (1222 turns).

Peloso the Trooper (Minotaur Fighter)               Turns: 1222, Time: 00:02:04

Health: 39/39      AC:  7    Str: 20    XL:     4   Next: 30%
Magic:  3/3        EV: 11    Int:  5    God:
Gold:   77         SH:  5    Dex: 12    Spells: 3/3 levels left

rFire   . . .        a - +0 long sword
rCold   . . .        c - +0 buckler
rNeg    . . .        b - +0 scale mail
rPois   +            (helmet restricted)
rElec   .            (no cloak)
rCorr   .            (no gloves)
SInv    .            (no boots)
Will    +....        (no amulet) Stlth
                     (no ring)
HPRegen 0.26/turn    (no ring)
MPRegen 0.08/turn

%: no passive effects
@: no status effects
A: horns 2, retaliatory headbutt, frail 1, strong-willed 1, poison resistance
a: no special abilities


You escaped.
You visited 1 branch of the dungeon, and saw 2 of its levels.

You collected 77 gold pieces.

Inventory:

Hand Weapons
 a - a +0 long sword (weapon)
Missiles
 e - 2 throwing nets (quivered)
Armour
 b - a +0 scale mail (worn)
 c - a +0 buckler (worn)
Jewellery
 k - a ring of protection from fire
Scrolls
 i - 5 scrolls of identify
 j - a scroll of teleportation
Potions
 d - a potion of might


   Skills:
 + Level 6.3 Fighting
 + Level 5.6 Long Blades
 + Level 6.2 Armour
 + Level 4.2 Dodging
 + Level 6.3 Shields


You had 3 spell levels left.
You didn't know any spells.
Your spell library was empty.

Dungeon Overview and Level Annotations

Branches:
Dungeon (2/15)

Altars:


Innate Abilities, Weirdness & Mutations

You have a pair of horns on your head.
You reflexively headbutt those who attack you in melee.
You are frail. (-10% HP)
You are strong-willed. (Will+)
Your system is resistant to poisons. (rPois)


Message History

There is an open door here.
Things that are here:
a +1 dagger of speed; 5 stones; a kobold corpse
There is an open door here.
There is an open door here.
There is an open door here.
There is an open door here.
There is an open door here.
There is an open door here.
A kobold comes into view. It is wielding a +0 dagger of venom.
The kobold shouts!
You hear a shout!
A kobold is nearby!
A kobold is nearby!
A kobold is nearby!
A hobgoblin comes into view.
The kobold barely misses you. You furiously retaliate!
You headbutt the kobold. You slash the kobold!
You kill the kobold!
You see here a +0 dagger of venom.
You slash the hobgoblin!
You kill the hobgoblin!
You see here a hobgoblin corpse.
Done exploring.
Done exploring.
Done exploring.
Done exploring.
It was a potion of mutation.
You feel extremely strange.
You feel strong-willed.
You feel frail.
You feel resistant to poisons.
It was a potion of attraction.
You feel attractive to monsters.
As you read the scroll labelled ZAYRUMUATU, it crumbles to dust.
You hear a loud clanging noise!
It was a scroll of noise.
What level of the Dungeon? (default 12, ? - help)
There is a stone staircase leading up here.
You climb upwards.
There is a stone staircase leading down here.
You feel less attractive to monsters.
There is a staircase leading out of the dungeon here.
You have escaped!

.........##......##...........##.
.........##......##.####.###..##.
....##.#.##.#.#.###.## #.###.#...
######.#.##......##..###.##..#.##
.## #.#.##..)...###........##.#.
..####.#.####.##.# #####.#..##.#.
#...##.#.##......# ##....###...
###..#.#.##......# #...#....#..
##.#.#.####...@#####.#.####....
#.#.#.##......##....).# ###..
#...#.##......##.###.## ###
##..#.##.#.#####.###.#
#..#.##......##.##..########
#....##......##.#..........#
##..####..##.##.#.##.###...#
##..##......##.#.##.# #...#
#######..##......##....#.###...#


There were no monsters in sight!

Vanquished Creatures
  An adder (D:2)
  A dart slug (D:1)
  A ribbon worm (D:2)
  3 ball pythons
  3 bats
  5 endoplasms
  3 giant cockroaches
  5 goblins
  4 hobgoblins
  4 kobolds
  3 quokkas
  A frilled lizard (D:2)
  5 rats
39 creatures vanquished.

Notes
Turn   | Place    | Note
-------+----------+-------------------------------------------
     0 | D:1      | Peloso the Minotaur Fighter began the quest for the Orb.
     0 | D:1      | Reached XP level 1. HP: 19/19 MP: 0/0
   240 | D:1      | Reached XP level 2. HP: 25/27 MP: 1/1
   540 | D:1      | Reached skill level 5 in Long Blades
   540 | D:1      | Reached XP level 3. HP: 37/37 MP: 2/2
   777 | D:2      | Reached XP level 4. HP: 44/44 MP: 3/3
  1177 | D:2      | Gained mutation: You are strong-willed. (Will+) [potion of
                  | mutation]
  1177 | D:2      | Gained mutation: You are frail. (-10% HP) [potion of
                  | mutation]
  1177 | D:2      | Gained mutation: Your system is resistant to poisons.
                  | (rPois) [potion of mutation]
  1222 | D:$      | Got out of the dungeon alive.

Illustrated notes

Levels and vault maps discovered:
D:1:      dpeg_arrival_ternary, layout_rooms, hangedman_abyss_or_decor_stabs,
          hangedman_decor_lopped
D:2:      layout_basic, kennysheep_generic_room_9

Skill      XL: |  1  2 |
---------------+-------+-----
Shields        | 6 |  6.3
Fighting       | 6 |  6.3
Long Blades    | 5 |  5.6
Armour         | 6 |  6.2
Dodging        | 4 |  4.2

Action                     |  1- 3 |  4- 6 || total
---------------------------+-------+-------++-------
  Melee: Long sword        |    49 |    19 ||    68
         Headbutt          |     4 |     2 ||     6
    Use: Potion            |     1 |     2 ||     3
         Scroll            |     3 |     1 ||     4
 Armour: Scale mail        |    29 |    19 ||    48
  Dodge: Dodged            |    23 |    15 ||    38
  Block: Buckler           |     8 |     8 ||    16
